 Dungeon Crawl Stone Soup version 0.19.1-1-g22dce08 (webtiles) character file.

23251 Jynx the Arsonist (level 13, -9/63 HPs)
             Began as a Tengu Fire Elementalist on Jan 15, 2017.
             Was an Elder of Vehumet.
             Mangled by a six-headed hydra (12 damage)
             ... on level 2 of the Lair of Beasts.
             The game lasted 00:53:27 (17015 turns).

Jynx the Arsonist (Tengu Fire Elementalist)        Turns: 17015, Time: 00:53:27

Health: -9/63      AC:  9    Str: 10    XL:     13   Next: 5%
Magic:  4/35       EV: 13    Int: 19    God:    Vehumet [****..]
Gold:   797        SH:  0    Dex: 18    Spells: 5 memorised, 11 levels left

rFire  . . .     SeeInvis .     d - +1 short sword (elec)
rCold  . . .     Gourm    +     z - +2 robe {Archmagi}
rNeg   . . .     Faith    .     (no shield)
rPois  .         Spirit   .     (helmet restricted)
rElec  .         Reflect  .     U - +0 cloak
rCorr  .         Harm     .     P - +2 pair of gloves {Dex+3}
MR     .....                    (boots unavailable)
Stlth  ++........               N - amulet of the gourmand
                                M - ring of magical power
                                f - ring of wizardry

@: no status effects
A: beak, talons 3, able to fly 1
a: Fly, Renounce Religion


You were on level 2 of the Lair of Beasts.
You worshipped Vehumet.
Vehumet was greatly pleased with you.
You were very full.

You visited 3 branches of the dungeon, and saw 16 of its levels.
You also visited: Bailey.

You collected 797 gold pieces.

Inventory:

Hand Weapons
 d - a +1 short sword of electrocution (weapon)
Armour
 z - a +2 robe of the Archmagi (worn)
 K - +0 steam dragon scales
 P - a +2 pair of gloves of dexterity (worn)
 U - a +0 cloak (worn)
Magical Staves
 w - an uncursed staff of wizardry
Jewellery
 f - a ring of wizardry (left hand)
 o - an uncursed ring of stealth
 t - an uncursed ring of stealth
 y - an uncursed ring of poison resistance
 C - a +3 ring of slaying
 D - an uncursed amulet of guardian spirit
 E - an uncursed amulet of regeneration
 F - the ring "Xypryinny" {rF+ Int+5, unknown}
   (You took it off an orc warrior in a bailey)

   [ring of intelligence]

   It affects your intelligence (+5).
   It protects you from fire.
 M - a ring of magical power (right hand)
 N - an amulet of the gourmand (around neck)
Wands
 a - a wand of paralysis (13/24)
 m - a wand of confusion (22/48)
 s - a wand of lightning (5/15)
 L - a wand of digging (14/24)
 O - a wand of confusion (12/48)
 S - a wand of random effects (22/48)
 T - a wand of polymorph (5/24)
 V - a wand of flame (19/48)
Scrolls
 e - 2 scrolls of blinking
 p - 3 scrolls of amnesia
 u - 7 scrolls of remove curse
 G - 2 scrolls of recharging
 J - a scroll of fear
 R - 2 scrolls of identify
Potions
 h - a potion of flight
 i - 3 potions of might
 j - 4 potions of brilliance
 n - 2 potions of haste
 r - 2 potions of cancellation
 v - 2 potions of mutation
 x - a potion of magic
 H - 2 potions of agility
 I - a potion of invisibility
 X - 2 potions of curing
Books
 b - a book of Flames

   Spells                             Type                      Level
   a - Flame Tongue                   Conjuration/Fire             1
   b - Throw Flame                    Conjuration/Fire             2
   c - Conjure Flame                  Conjuration/Fire             3
   d - Inner Flame                    Hexes/Fire                   3
   e - Sticky Flame                   Conjuration/Fire             4
   f - Fireball                       Conjuration/Fire             5
 l - a book of Geomancy

   Spells                             Type                      Level
   a - Sandblast                      Earth                        1
   b - Passwall                       Transmutation/Earth          2
   c - Stone Arrow                    Conjuration/Earth            3
   d - Petrify                        Transmutation/Earth          4
   e - Lee's Rapid Deconstruction     Earth                        5
 A - a book of Dreams

   Spells                             Type                      Level
   a - Ensorcelled Hibernation        Hexes/Ice                    2
   b - Silence                        Hexes/Air                    5
   c - Darkness                       Hexes                        6
   d - Shadow Creatures               Summoning                    6
 B - a book of Misfortune

   Spells                             Type                      Level
   a - Confusing Touch                Hexes                        1
   b - Confuse                        Hexes                        3
   c - Gell's Gravitas                Hexes/Translocation          3
   d - Petrify                        Transmutation/Earth          4
   e - Metabolic Englaciation         Hexes/Ice                    5
   f - Yara's Violent Unravelling     Hexes/Transmutation          5
 Q - a book of Maledictions

   Spells                             Type                      Level
   a - Corona                         Hexes                        1
   b - Ensorcelled Hibernation        Hexes/Ice                    2
   c - Confuse                        Hexes                        3
   d - Tukima's Dance                 Hexes                        3
   e - Dazzling Spray                 Conjuration/Hexes            3
Comestibles
 c - 7 bread rations
 g - 2 meat rations
 k - 5 royal jellies
 q - 9 fruits


   Skills:
 + Level 8.5 Short Blades
 + Level 8.8 Armour
 - Level 2.1 Dodging
 - Level 2.0 Stealth
 + Level 8.6 Spellcasting
 + Level 11.5 Conjurations
 * Level 14.2 Fire Magic


You had 11 spell levels left.
You knew the following spells:

 Your Spells              Type           Power        Failure   Level  Hunger
a - Flame Tongue          Conj/Fire      #####        1%          1    None
b - Conjure Flame         Conj/Fire      ######..     1%          3    None
c - Sticky Flame          Conj/Fire      ######..     1%          4    ###....
d - Fireball              Conj/Fire      ######....   1%          5    #####..
e - Bolt of Magma         Conj/Fire/Erth ######....   1%          5    #####..


Dungeon Overview and Level Annotations

Branches:
Dungeon (12/15)            Temple (1/1) D:6            Lair (3/6) D:9
    Orc (0/2) D:9
  Swamp: Lair:2-4    Shoals: Lair:2-4     Snake: Lair:2-4    Spider: Lair:2-4

Altars:
Ashenzari
Dithmenos
Fedhas
Gozag
Hepliaklqana
Kikubaaqudgha
Makhleb
Nemelex Xobeh
Sif Muna
Trog
Vehumet
Zin
The Shining One


Innate Abilities, Weirdness & Mutations

You have a beak for a mouth.
You have claws for feet.
You can fly.


Message History

Found a leather armour.
There is a stone staircase leading up here.
Okay, then.
Unknown command.
The yak bellows! x2
You climb upwards.
You feel an oppressive heat about you.
There is an entrance to a volcano on this level.
Hurry and find it before the entrance collapses!
The six-headed hydra bites you! x2; The six-headed hydra misses you.
The six-headed hydra bites you!
* * * LOW HITPOINT WARNING * * *
The six-headed hydra bites you but does no damage.
The six-headed hydra barely misses you. The six-headed hydra bites you!
* * * LOW HITPOINT WARNING * * *
The six-headed hydra bites you.
* * * LOW HITPOINT WARNING * * *
The six-headed hydra barely misses you.
The six-headed hydra bites you but does no damage.
The six-headed hydra bites you!
You die...

##........#.[# ....# #.
#...........P##.<.# ....
##............#..# #....
##.........#...#.# ##.....
#P........##....## P.....F
###.......###P...##.†.....
###.......# ###P(.........
.##.....### #.PD†††.....
##......## ##@.?.......
..#......# #).........
.##....### #..[........
.P#...## #............
.##....# #.............
..P...## #.............
.P....# ...............
##...## ..............#
##...P#


You could see a six-headed hydra.

Vanquished Creatures
  A hydra (Lair:2)
  Erica (D:8)
  3 hill giants
  An ugly thing (D:11)
  A black mamba (Lair:1)
  4 spiny frogs (Lair:1)
  A komodo dragon (D:9)
  A merfolk (D:11)
  A two-headed ogre (D:8)
  2 hippogriffs
  4 blink frogs (Lair:2)
  A meliai zombie (D:11)
  11 yaks
  A wraith (D:11)
  A basilisk (Lair:1)
  2 hungry ghosts
  A steam dragon (D:7)
  A soldier ant (D:9)
  A porcupine (Lair:1)
  2 water moccasins
  2 black bears
  10 orc warriors
  2 sky beasts
  2 eyes of draining
  3 ice beasts
  A necrophage (D:10)
  7 ogres
  3 phantoms
  6 wolves (Lair:2)
  7 centaurs
  3 crocodiles (Lair:1)
  2 big kobolds
  Blork the orc (D:6)
  4 bullfrogs
  5 scorpions
  9 killer bees (D:7)
  5 howler monkeys
  4 crimson imps
  4 bullfrog zombies
  A quasit (D:8)
  3 centaur zombies
  4 orc priests
  2 hounds
  2 centaur skeletons (D:11)
  10 orc wizards
  9 worker ants
  5 iguanas
  A killer bee zombie (D:7)
  The ghost of monokles the Skirmisher, a weakling DsMo (D:6)
  A hound skeleton (D:7)
  A worker ant zombie (D:9)
  4 gnolls (D:2)
  12 adders
  4 shadow imps
  An ooze (D:1)
  2 adder skeletons (D:7)
  4 worms
  A dart slug (D:1)
  10 leopard geckos
  39 orcs
  8 giant cockroaches
  12 goblins
  8 hobgoblins
  7 jackals
  21 kobolds
  5 quokkas
  2 ball pythons (D:4)
  11 bats
  3 frilled lizards
  A jackal skeleton (D:5)
  A leopard gecko zombie (D:6)
  6 rats
  3 butterflies (D:9)
326 creatures vanquished.

Vanquished Creatures (others)
  An orc (D:11)
  A fungus (Lair:1)
  A plant (D:9)
3 creatures vanquished.

Grand Total: 329 creatures vanquished

Notes
Turn   | Place    | Note
-------+----------+-------------------------------------------
     0 | D:1      | Jynx the Tengu Fire Elementalist began the quest for the Orb.
     0 | D:1      | Reached XP level 1. HP: 10/10 MP: 4/4
   304 | D:1      | Reached XP level 2. HP: 15/15 MP: 3/6
   539 | D:1      | Reached skill level 4 in Fire Magic
   543 | D:1      | Reached XP level 3. HP: 16/19 MP: 0/7
  1230 | D:2      | Learned a level 3 spell: Conjure Flame
  1976 | D:2      | Reached XP level 4. HP: 24/24 MP: 2/9
  2586 | D:2      | Gained mutation: You can fly. [Tengu growth]
  2586 | D:2      | Reached XP level 5. HP: 20/28 MP: 2/10
  3186 | D:3      | Reached skill level 5 in Fire Magic
  3593 | D:3      | Learned a level 4 spell: Sticky Flame
  3987 | D:4      | Noticed a phantom
  3998 | D:4      | Reached XP level 6. HP: 27/32 MP: 6/12
  4075 | D:4      | Killed a phantom
  4115 | D:4      | Reached skill level 6 in Fire Magic
  4814 | D:5      | Entered Level 5 of the Dungeon
  5125 | D:5      | Reached XP level 7. HP: 36/36 MP: 4/14
  5374 | D:5      | Learned a level 5 spell: Fireball
  5492 | D:6      | Noticed Blork the orc
  5502 | D:6      | Reached skill level 5 in Conjurations
  5628 | D:6      | Killed Blork the orc
  5628 | D:6      | Reached skill level 7 in Fire Magic
  6109 | D:6      | Reached XP level 8. HP: 41/41 MP: 0/16
  6424 | D:6      | Found a burning altar of Makhleb.
  6451 | D:6      | Reached skill level 1 in Armour
  6452 | D:6      | Noticed monokles's ghost (weakling DsMo)
  6490 | D:6      | Killed monokles's ghost
  6633 | D:6      | Reached skill level 1 in Short Blades
  6714 | D:6      | Reached skill level 8 in Fire Magic
  6995 | D:6      | Found a staircase to the Ecumenical Temple.
  7019 | Temple   | Entered the Ecumenical Temple
  7054 | Temple   | Became a worshipper of Vehumet
  7341 | D:6      | Reached skill level 5 in Spellcasting
  7693 | D:7      | HP: 2/41 [centaur (7)]
  7950 | D:7      | Reached XP level 9. HP: 29/45 MP: 9/17
  8170 | D:7      | Reached skill level 9 in Fire Magic
  8355 | D:7      | Noticed a hill giant
  8377 | D:7      | Killed a hill giant
  8916 | D:8      | Noticed Erica
  8938 | D:8      | Killed Erica
  8938 | D:8      | Reached * piety under Vehumet
  8938 | D:8      | Offered knowledge of Magic Dart by Vehumet.
  8938 | D:8      | Reached skill level 10 in Fire Magic
  9187 | D:8      | Reached XP level 10. HP: 50/50 MP: 15/20
 10262 | D:8      | Reached skill level 5 in Armour
 10411 | D:8      | Reached ** piety under Vehumet
 10411 | D:8      | Offered knowledge of Throw Frost by Vehumet.
 10991 | D:9      | Found a staircase to the Lair.
 11064 | D:9      | Found a runed door.
 11079 | D:9      | Found a runed door.
 11087 | D:9      | Reached skill level 11 in Fire Magic
 11116 | D:9      | Reached skill level 5 in Short Blades
 11264 | D:9      | Found a staircase to the Orcish Mines.
 11842 | D:10     | Entered Level 10 of the Dungeon
 11847 | D:10     | Noticed a hill giant
 12341 | D:10     | Offered knowledge of Ignite Poison by Vehumet.
 12341 | D:10     | Reached XP level 11. HP: 23/54 MP: 6/22
 13101 | D:10     | Reached skill level 10 in Conjurations
 13101 | D:10     | Reached skill level 12 in Fire Magic
 13101 | D:10     | Reached XP level 12. HP: 59/59 MP: 24/24
 13196 | D:9      | Reached *** piety under Vehumet
 13432 | D:11     | Reached skill level 13 in Fire Magic
 13494 | D:11     | Found a flagged portal.
 13511 | D:11     | Offered knowledge of Airstrike by Vehumet.
 13858 | Bailey   | Entered a bailey
 14381 | Bailey   | Got a pitted iron ring
 14844 | D:11     | Reached **** piety under Vehumet
 15742 | Lair:1   | Entered Level 1 of the Lair of Beasts
 15774 | Lair:1   | Offered knowledge of Bolt of Magma by Vehumet.
 15784 | Lair:1   | Learned a level 5 spell: Bolt of Magma
 16884 | Lair:2   | Noticed a five-headed hydra
 16887 | Lair:2   | Killed a five-headed hydra
 16887 | Lair:2   | Reached skill level 14 in Fire Magic
 17004 | Lair:2   | Reached XP level 13. HP: 46/63 MP: 20/26
 17015 | Lair:2   | HP: 3/63 [six-headed hydra (1)]
 17015 | Lair:2   | Mangled by a six-headed hydra

Skill      XL: |  1  2  3  4  5  6  7  8  9 10 11 12 |
---------------+-------------------------------------+-----
Fire Magic     | 4 5 6 7 8 10 11 12 14 | 14.2
Conjurations   | 2 3 4 5 6 8 9 10 11 | 11.5
Spellcasting   | 3 4 5 6 7 8 |  8.6
Armour         | 2 4 6 7 8 |  8.8
Short Blades   | 2 4 5 7 8 |  8.5
Dodging        | |  2.1
Stealth        | |  2.0

Action                   |  1- 3 |  4- 6 |  7- 9 | 10-12 | 13-15 || total
-------------------------+-------+-------+-------+-------+-------++-------
Melee: Unarmed           |    23 |       |       |       |       ||    23
       Peck              |     5 |     1 |     8 |     7 |       ||    21
       Kick              |     2 |     5 |    10 |     7 |       ||    24
       Dagger            |       |    30 |    27 |       |       ||    57
       Short sword       |       |       |    16 |    47 |       ||    63
 Cast: Flame Tongue      |    78 |   146 |   143 |   349 |       ||   716
       Conjure Flame     |     3 |     3 |     6 |     9 |       ||    21
       Sticky Flame      |       |       |    13 |    20 |     1 ||    34
       Fireball          |       |       |    14 |    81 |     6 ||   101
  Use: Scroll            |     6 |     6 |    12 |    10 |       ||    34
       Potion            |       |       |     7 |     1 |       ||     8
  Eat: Chunk             |     3 |     8 |     8 |    45 |       ||    64
       Fruit             |       |     1 |     2 |       |       ||     3
       Beef jerky        |       |     1 |     1 |       |       ||     2
       Bread ration      |       |       |     1 |       |       ||     1
       Meat ration       |       |       |     1 |     2 |       ||     3
Armor: Robe              |     7 |    21 |    30 |    64 |     2 ||   124
Dodge: Dodged            |    32 |    58 |    85 |   129 |     5 ||   309
